 Dungeon Sprint DCSS version 0.20.1-1-g8b1a95d (webtiles) character file.

13241 wojtek the Shatterer (level 11, -4/112 (115) HPs)
             Began as a Minotaur Fighter on Dec 31, 2017.
             Was a High Priest of Trog.
             Killed by divine providence
             ... invoked by a daeva
              (16 damage)
             ... in the Dungeon (Sprint I: "Red Sonja").
             The game lasted 00:12:32 (4139 turns).

wojtek the Shatterer (Minotaur Fighter)             Turns: 4139, Time: 00:12:33

HP:   -4/112 (115)  AC: 14    Str: 25    XL:     11   Next: 73%
MP:   8/8           EV: 13    Int:  5    God:    Trog [*****.]
Gold: 547           SH:  0    Dex:  9    Spells: 10/10 levels left

rFire    + . .     SeeInvis +   v - +5 great mace (protect)
rCold    . . .     Gourm    .   (shield currently unavailable)
rNeg     . . .     Faith    .   r - +0 chain mail {rF+}
rPois    +         Spirit   .   (helmet restricted)
rElec    .         Reflect  .   (no cloak)
rCorr    .         Harm     .   (no gloves)
MR       +....     NoTele   +   (no boots)
Stlth    ..........             (no amulet)
Regen    0.3/turn               t - ring of Yssyask {+Blink MR+ SInv}
MPRegen  0.2/turn               s - ring of poison resistance (curse)

@: glowing
A: retaliatory headbutt, horns 2, low mp 1
a: Berserk, Trog's Hand, Brothers in Arms, Burn Spellbooks, Renounce Religion,
Evoke Blink


You were in the Dungeon.
You worshipped Trog.
Trog was extremely pleased with you.
You were not hungry.

You visited 1 branch You collected 1918 gold pieces.
You spent 1371 gold pieces at shops.

Inventory:

Hand Weapons
 a - a +0 flail
 v - a +5 great mace of protection (weapon)
 x - a +1 antimagic dire flail
Armour
 c - a +0 shield
 r - a +0 chain mail of fire resistance (worn)
Jewellery
 b - an uncursed ring of flight
 s - a cursed ring of poison resistance (right hand)
 t - the ring of Yssyask (left hand) {+Blink MR+ SInv}
   (You bought it in a shop in the Dungeon)

   [ring of protection from magic]

   It affects your resistance to hostile enchantments.
   It lets you see invisible.
   It lets you blink.
Wands
 l - a wand of acid (10/15)
 q - a wand of flame (14/48)
Scrolls
 k - a scroll of blinking
 n - a scroll of recharging {unknown}
 o - a scroll of immolation {unknown}
 p - a scroll of enchant weapon {unknown}
 u - a scroll of remove curse
Potions
 d - a potion of might
 e - 4 potions of curing
 g - 3 potions of heal wounds
 h - a potion of haste
 i - 2 potions of magic
 j - a potion of berserk rage
 m - a potion of mutation {unknown}
Comestibles
 f - 3 bread rations
 w - 2 meat rations


   Skills:
 + Level 16.4 Fighting
 * Level 21.7 Maces & Flails
 + Level 16.5 Armour
 + Level 10.0 Dodging
 - Level 3.6 Shields


You had 10 spell levels left.
You didn't know any spells.

Dungeon Overview and Level Annotations

Branches:
Dungeon (1/1)

Altars:
Cheibriados
Dithmenos
Elyvilon
Fedhas
Gozag
Hepliaklqana
Kikubaaqudgha
Makhleb
Nemelex Xobeh
Okawaru
Qazlal
Ru
Sif Muna
Trog
Uskayaw
Vehumet
Xom
Yredelemnul
Zin
The Shining One
Jiyva
Lugonu

Shops:
D (%?[(=??%(*[=**[%


Innate Abilities, Weirdness & Mutations

You reflexively headbutt those who attack you in melee.
You have a pair of horns on your head.
Your magical capacity is low. (-10% MP)


Message History

The unseen horror barely misses your two-headed ogre.
Unknown command.
You swap places.
The unseen horror closely misses you. You furiously retaliate!
You headbutt the unseen horror, but do no damage.
The unseen horror barely misses you.
Your two-headed ogre hits the unseen horror with a giant club!!
Your two-headed ogre hits the unseen horror with a giant club!
The unseen horror dies!
Trog accepts your kill.
Your Dodging skill increases to level 10!
The daeva calls down the wrath of the Shining One upon you.
The Shining One smites you!
* * * LOW HITPOINT WARNING * * *
The daeva calls down the wrath of the Shining One upon you.
The Shining One smites you!
* * * LOW HITPOINT WARNING * * *
Unknown command.
The daeva calls down the wrath of the Shining One upon you.
The Shining One smites you!
You die...

')..#.§#§§§.§§§§§..'..#^^+
#)..##§#§####§§§.§##..'^^#
#...§§§#§#.###§§§#######†#
#####..§§#'#.###§# %/##).#
#§.##)####^..#y#§##$$$#..#
'§§#..§..#§..###.§###$#..≈
#§.#..§.§+§§...##O#A#$#†)≈
##'###.§§#^....#..###$#..≈.
##.'.#.^^###++##@##..$#..≈#
.###.#.§## #..#+###..≈#
.∩##.#..# ##... ####§##+#
##.# ..##§##.# .# .....####
# ####.# §.§#.# .§#§.#


You could see a daeva and a friendly two-headed ogre (berserk).

Vanquished Creatures
  A lorocyproca (D)
  2 centaur warriors (D)
  Sonja (D)
  A deep troll (D)
  2 unseen horrors (D)
  An oklob plant (D)
  A lindwurm (D)
  A gargoyle (D)
  4 demonic crawlers (D)
  2 kobold demonologists (D)
  A slime creature (D)
  4 hornets (D)
  Sigmund (D)
  2 redbacks (D)
  A yak (D)
  13 hogs (D)
  3 floating eyes (D)
  7 necrophages (D)
  An ogre (D)
  8 jellies (D)
  Ijyb (D)
  6 ballistomycetes (D)
64 creatures vanquished.

Vanquished Creatures (collateral kills)
  A hydra (D)
  4 unseen horrors (D)
  2 merfolk sirens (D)
  A hellwing (D)
  A hornet (D)
9 creatures vanquished.

Vanquished Creatures (others)
  A gargoyle (D)
  2 ballistomycete spores (D)
3 creatures vanquished.

Grand Total: 76 creatures vanquished

Notes
Turn   | Place    | Note
-------+----------+-------------------------------------------
     0 | D        | wojtek the Minotaur Fighter began the quest for the Orb.
     0 | D        | Reached XP level 1. HP: 19/19 MP: 0/0
     1 | D        | Noticed Ijyb
    11 | D        | Killed Ijyb
    11 | D        | Reached skill level 5 in Maces & Flails
    11 | D        | Reached XP level 2. HP: 23/28 MP: 1/1
    63 | D        | Noticed an ogre
    69 | D        | Killed an ogre
    69 | D        | Reached skill level 8 in Maces & Flails
    69 | D        | Reached XP level 3. HP: 19/38 MP: 2/2
    69 | D        | Reached XP level 4. HP: 23/45 MP: 3/3
   187 | D        | Noticed Sigmund
   194 | D        | Killed Sigmund
   194 | D        | Reached skill level 10 in Maces & Flails
   194 | D        | Reached XP level 5. HP: 31/53 MP: 4/4
   194 | D        | Reached XP level 6. HP: 35/61 MP: 5/5
   320 | D        | Found a burning altar of Makhleb.
   320 | D        | Found a viscous altar of Jiyva.
   320 | D        | Found a shimmering altar of Xom.
   320 | D        | Found a corrupted altar of Lugonu.
   320 | D        | Noticed a slime creature
   327 | D        | Killed a slime creature
   327 | D        | Reached skill level 12 in Maces & Flails
   441 | D        | Found a deep blue altar of Sif Muna.
   443 | D        | Found a radiant altar of Vehumet.
   463 | D        | Killed a gargoyle
   474 | D        | Found Aciuveh's Food Emporium.
   474 | D        | Found an ancient bone altar of Kikubaaqudgha.
   474 | D        | Found a hazy altar of Hepliaklqana.
   474 | D        | Found a stormy altar of Qazlal.
   474 | D        | Found a hide-covered altar of Uskayaw.
   474 | D        | Found a blossoming altar of Fedhas.
   474 | D        | Found a bloodstained altar of Trog.
   474 | D        | Found an iron altar of Okawaru.
   474 | D        | Found a basalt altar of Yredelemnul.
   474 | D        | Found a glowing golden altar of the Shining One.
   474 | D        | Found a snail-covered altar of Cheibriados.
   474 | D        | Found a sacrificial altar of Ru.
   474 | D        | Found a glowing silver altar of Zin.
   474 | D        | Found a shadowy altar of Dithmenos.
   474 | D        | Found a white marble altar of Elyvilon.
   474 | D        | Noticed a yak
   480 | D        | Killed a yak
   480 | D        | Reached skill level 10 in Fighting
   480 | D        | Reached skill level 13 in Maces & Flails
   480 | D        | Reached skill level 10 in Armour
   480 | D        | Reached XP level 7. HP: 55/72 MP: 6/6
   481 | D        | Found an opulent altar of Gozag.
   484 | D        | Found a sparkling altar of Nemelex Xobeh.
   488 | D        | Became a worshipper of Trog the Wrathful
   554 | D        | Noticed a kobold demonologist
   555 | D        | Noticed a kobold demonologist
   557 | D        | Noticed a neqoxec
   562 | D        | Noticed an ice devil
   568 | D        | Noticed a ynoxinul
   568 | D        | Killed a kobold demonologist
   568 | D        | Reached * piety under Trog
   568 | D        | Reached skill level 14 in Maces & Flails
   581 | D        | Killed a kobold demonologist
   581 | D        | Reached XP level 8. HP: 78/82 MP: 7/7
   605 | D        | Noticed a centaur warrior
   608 | D        | Noticed a centaur warrior
   618 | D        | Killed a centaur warrior
   618 | D        | Reached ** piety under Trog
   618 | D        | Reached skill level 16 in Maces & Flails
   626 | D        | Killed a centaur warrior
   626 | D        | Reached skill level 17 in Maces & Flails
   626 | D        | Reached XP level 9. HP: 38/92 MP: 8/8
  1060 | D        | Noticed a deep troll
  1065 | D        | Killed a deep troll
  1080 | D        | Found Jingieff's Armour Emporium.
  1235 | D        | Noticed an oklob plant
  1247 | D        | Killed an oklob plant
  1247 | D        | Reached skill level 18 in Maces & Flails
  1371 | D        | Reached *** piety under Trog
  1377 | D        | Reached XP level 10. HP: 71/102 MP: 9/9
  1515 | D        | Reached **** piety under Trog
  1689 | D        | Killed an unseen horror
  1689 | D        | Reached ***** piety under Trog
  1797 | D        | Killed an unseen horror
  1797 | D        | Reached skill level 19 in Maces & Flails
  1797 | D        | Reached skill level 5 in Dodging
  2103 | D        | Found Udiynnur's General Store.
  2103 | D        | Found Wuabben's Antique Armour Shoppe.
  2104 | D        | Found Luip's Antique Weapon Boutique.
  2104 | D        | Found Jiskuoc's General Store.
  2109 | D        | Reached ****** piety under Trog
  2109 | D        | Received a gift from Trog
  2123 | D        | Found Pouman's Food Emporium.
  2153 | D        | Found Vogaheess's Magic Scroll Shop.
  2157 | D        | Found Xeuti's Jewellery Emporium.
  2157 | D        | Found Naleogiado's Magic Scroll Shop.
  2157 | D        | Found Musm's Magic Scroll Shoppe.
  2157 | D        | Found Tefomotz's Food Boutique.
  2157 | D        | Found Qackiusu's Antique Weapon Emporium.
  2157 | D        | Found Xiyph's Assorted Antiques.
  2157 | D        | Found Atteleysmy's Armour Shoppe.
  2160 | D        | Found Cahothau's Jewellery Boutique.
  2190 | D        | Bought an uncursed ring of flight for 227 gold pieces
  2197 | D        | Bought a cursed ring of poison resistance for 238 gold pieces
  2197 | D        | Bought the ring of Yssyask {+Blink MR+ SInv} for 604 gold pieces
  2200 | D        | Bought a scroll of remove curse for 42 gold pieces
  2277 | D        | Reached skill level 15 in Armour
  2556 | D        | Noticed a lindwurm
  2567 | D        | Killed a lindwurm
  2567 | D        | Reached skill level 15 in Fighting
  2761 | D        | Reached skill level 20 in Maces & Flails
  2774 | D        | Reached XP level 11. HP: 92/109 MP: 10/10
  2792 | D        | Received a gift from Trog
  2932 | D        | Noticed a 12-headed hydra
  2934 | D        | Killed a 12-headed hydra
  2948 | D        | Noticed a deep elf annihilator
  2955 | D        | Received a gift from Trog
  2968 | D        | Reached skill level 21 in Maces & Flails
  3109 | D        | Noticed Sonja
  3125 | D        | Killed Sonja
  3125 | D        | Received a gift from Trog
  3165 | D        | Found Mask's Weapon Boutique.
  3478 | D        | Noticed a shining eye
  3478 | D        | Noticed a shining eye
  3478 | D        | Noticed a shining eye
  3478 | D        | Noticed a shining eye
  3478 | D        | Noticed a shining eye
  3478 | D        | Gained mutation: Your magical capacity is low. (-10% MP) [a shining eye]
  3570 | D        | Bought a bread ration for 65 gold pieces
  3570 | D        | Bought a bread ration for 65 gold pieces
  3570 | D        | Bought a meat ration for 65 gold pieces
  3570 | D        | Bought a meat ration for 65 gold pieces
  3616 | D        | Noticed a lorocyproca
  3625 | D        | Killed a lorocyproca
  4117 | D        | Noticed a daeva
  4123 | D        | Noticed an unseen horror
  4123 | D        | Noticed an unseen horror
  4123 | D        | Noticed an unseen horror
  4123 | D        | Noticed an unseen horror
  4129 | D        | Killed an unseen horror
  4131 | D        | Killed an unseen horror
  4132 | D        | Killed an unseen horror
  4136 | D        | Killed an unseen horror
  4136 | D        | Reached skill level 10 in Dodging
  4139 | D        | Killed from afar by a daeva

Skill      XL: |  1  2  3  4  5  6  7  8  9 10 11 |
---------------+----------------------------------+-----
Fighting       | 4 6 8 10 11 12 13 15 16 | 16.4
Maces & Flails | 5 8 10 13 14 17 18 20 21 | 21.7
Armour         | 4 6 8 10 11 12 13 15 16 | 16.5
Dodging        | 3 7 10 | 10.0
Shields        | |  3.6

Action                   |  1- 3 |  4- 6 |  7- 9 | 10-12 || total
-------------------------+-------+-------+-------+-------++-------
Melee: Flail             |    14 |    19 |    73 |   154 ||   260
       Headbutt          |     5 |     9 |    13 |    44 ||    71
       Great mace        |       |       |       |    31 ||    31
Invok: Berserk           |       |       |       |     1 ||     1
       Brothers in Arms  |       |       |       |     5 ||     5
  Eat: Chunk             |       |       |     1 |     3 ||     4
       Meat ration       |       |       |       |     1 ||     1
       Bread ration      |       |       |       |     1 ||     1
Armor: Scale mail        |     3 |     4 |    28 |    18 ||    53
       Chain mail        |       |       |       |    61 ||    61
Dodge: Dodged            |     2 |     2 |    19 |    56 ||    79
Block: Shield            |     5 |       |    34 |    40 ||    79
